 Dungeon Sprint DCSS version 0.26-a0-665-gefeb406119 (webtiles) character file.

Game seed: 2180705068793086214

6 rocky1 the Shield-Bearer (level 2, -1/24 HPs)
             Began as a Formicid Fighter on Oct 15, 2020.
             Slain by an ogre
             ... wielding a +0 giant club
              (17 damage)
             ... in the Dungeon (Sprint IX: "|||||||||||||||||||||||||||||").
             The game lasted 00:00:17 (37 turns).

rocky1 the Shield-Bearer (Formicid Fighter)           Turns: 37, Time: 00:00:17

Health: -1/24      AC:  6    Str: 20    XL:     2   Next: 0%
Magic:  2/2        EV:  8    Int:  7    God:
Gold:   0          SH:  9    Dex: 10    Spells: 1/1 levels left

rFire    . . .     SeeInvis +   a - +0 long sword
rCold    . . .     Faith    .   c - +0 kite shield
rNeg     . . .     Spirit   .   b - +0 scale mail
rPois    .         Reflect  .   (helmet unavailable)
rElec    .         Harm     .   (no cloak)
rCorr    .         Rampage  .   (no gloves)
MR       .....                  (no boots)
Stlth    ..........             (no amulet)
HPRegen  0.08/turn              (no ring)
MPRegen  0.08/turn              (no ring)

@: mighty
A: permanent stasis, dig shafts and tunnels, four strong arms, antennae 3
a: Dig


You were in the Dungeon.
You visited 1 branch

Inventory:

Hand Weapons
 a - a +0 long sword (weapon)
Armour
 b - a +0 scale mail (worn)
 c - a +0 kite shield (worn)
Potions
 e - a potion of curing
 f - a potion of heal wounds
 g - 2 potions of magic


   Skills:
 - Level 3.2 Fighting
 + Level 3.2 Long Blades
 - Level 3.2 Armour
 + Level 4.8 Shields


You had one spell level left.
You didn't know any spells.
Your spell library was empty.

Dungeon Overview and Level Annotations

Branches:
Dungeon (1/1)

Altars:


Innate Abilities, Weirdness & Mutations

You cannot be hasted, slowed, berserked, paralysed or teleported.
You can dig through walls and to a lower floor.
Your four strong arms can wield two-handed weapons with a shield.
You have a pair of large antennae on your head. (SInv)


Message History

You start resting.
HP restored.
You see here a bat corpse.
You open the door.
An iguana, a giant cockroach, a centaur, an ogre and a zombie come into view.
The ogre shouts!
The iguana hisses angrily.
You feel very mighty all of a sudden. The ogre barely misses you.
You riposte.
You barely miss the ogre.
There is an open door here.
You hit the ogre.
The ogre is lightly wounded.
The ogre barely misses you.
Your scale mail prevents you from hitting the ogre.
The ogre is lightly wounded.
The ogre hits you with a +0 giant club!
You slash the ogre!
The ogre is severely wounded.
The ogre hits you with a +0 giant club!
Ouch! That really hurt!
You die...

▓.▓
▓.▓
▓†▓
▓.▓
▓†▓
▓.▓
▓.▓
▓.▓
▓@▓
▓O▓
▓c▓
▓l▓
{
▓B▓
▓Z▓
▓+▓


You could see an ogre, a centaur, an iguana, an adder zombie and a giant
cockroach.

Vanquished Creatures
  A ball python (D)
  3 bats (D)
  A rat (D)
5 creatures vanquished.

Notes
Turn   | Place    | Note
-------+----------+-------------------------------------------
     0 | D        | rocky1 the Formicid Fighter began the quest for the Orb.
     0 | D        | Reached XP level 1. HP: 18/18 MP: 1/1
     5 | D        | Reached skill level 4 in Shields
    21 | D        | Reached XP level 2. HP: 23/24 MP: 2/2
    32 | D        | Noticed an ogre
    32 | D        | Noticed a centaur
    37 | D        | Slain by an ogre

Illustrated notes

Levels and vault maps discovered:
D:        linesprint [early_d, line_temple, items_1, d_10, items_2, lair_1,
          lair_end, items_3, orc_1, orc_end, items_4, d_15, swamp_1, shoals_1,
          snake_1, spider_1, d_20, vaults_1, items_5, swamp_end, shoals_end,
          snake_end, spider_end, vaults_end, d_27, items_6, zot_1, zot_end,
          crypt_end, forest_end, elf_end, slime_end, tomb_end, abyss_end,
          pan_hell_end]

Skill      XL: |  1 |
---------------+----+-----
Shields        | 4 |  4.8
Long Blades    | 3 |  3.2
Fighting       | |  3.2
Armour         | |  3.2

Action                   || total
-------------------------++-------
Melee: Long sword        ||    19
  Use: Potion            ||     1
Armor: Scale mail        ||    10
Dodge: Dodged            ||     8
Block: Kite shield       ||    12
       Rpst.: Long sword ||     4

Table legend: (Time is in decaauts)
 A = Elapsed time spent in this place.
 B = Non-inter-level travel time spent in this place.
 C = Inter-level travel time spent in this place.
 D = Time resting spent in this place.
 E = Time spent auto-exploring this place.
 F = Levels seen in this place.
 G = Mean time per level.
                   A        B        C        D        E       F      G
               +--------+--------+--------+--------+--------+-----+--------+
         Total |     43 |     43 |      0 |      6 |      0 |   1 |   43.0 |
       Dungeon |     43 |     43 |      0 |      6 |      0 |   1 |   43.0 |
               +--------+--------+--------+--------+--------+-----+--------+

Top non-repeatable levels by time:
       D: 43 daAuts
